 Dungeon Crawl Stone Soup version 0.27.0-1-g7a089689b8 (webtiles) character file.

Game seed: 2396228413138691371

2482 wakim the Nimble (level 9, -15/68 HPs)
             Began as a Merfolk Summoner on Aug 3, 2021.
             Demolished by an orc warrior (23 damage)
             ... on level 7 of the Dungeon.
             The game lasted 00:35:43 (10083 turns).

wakim the Nimble (Merfolk Summoner)                Turns: 10083, Time: 00:35:43

Health: -15/68     AC:  9    Str:  9    XL:     9   Next: 51%
Magic:  9/24       EV: 14    Int: 15    God:
Gold:   338        SH:  0    Dex: 16    Spells: 11/16 levels left

rFire    . . .     SeeInvis .   a - +3 trident
rCold    . . .     Faith    .   (no shield)
rNeg     . . .     Spirit   .   c - +1 ring mail
rPois    .         Reflect  .   (no helmet)
rElec    .         Harm     .   e - +2 cloak
rCorr    .         Rampage  .   (no gloves)
Will     .....                  (no boots)
Stlth    +.........             (no amulet)
HPRegen  0.21/turn              d - ring of magical power
MPRegen  0.19/turn              (no ring)

@: no status effects
A: (nimble swimmer 2), mertail
a: no special abilities


You were on level 7 of the Dungeon.
You visited 2 branches of the dungeon, and saw 8 of its levels.

You collected 383 gold pieces.
You spent 45 gold pieces at shops.

Inventory:

Hand Weapons
 a - a +3 trident (weapon)
 b - a +0 dagger of venom
Missiles
 j - 4 boomerangs
 m - 7 poisoned darts
Armour
 c - a +1 ring mail (worn)
 e - a +2 cloak (worn)
Jewellery
 d - a ring of magical power (left hand)
Wands
 w - a wand of acid (22)
Scrolls
 h - a scroll of enchant armour
 r - a scroll of identify
 T - 2 scrolls of teleportation
Potions
 g - 2 potions of degeneration {unknown}
 i - a potion of invisibility {unknown}
 k - 2 potions of magic {unknown}
 l - a potion of might {unknown}
 n - a potion of cancellation {unknown}
 F - 7 potions of curing
 G - 5 potions of flight
 J - 4 potions of heal wounds
 O - 3 potions of resistance


   Skills:
 + Level 5.4 Fighting
 * Level 9.1 Polearms
 + Level 9.1 Dodging
 - Level 2.1 Stealth
 - Level 4.0 Spellcasting
 + Level 6.8 Summonings


You had 11 spell levels left.
You knew the following spells:

 Your Spells              Type           Power      Damage    Failure   Level
c - Call Canine Familiar  Summ           23%        N/A       9%          3
x - Call Imp              Summ           23%        N/A       4%          2

Your spell library contained the following spells:

 Spells                   Type           Power      Damage    Failure   Level
 Summon Small Mammal      Summ           92%        N/A       3%          1
 Summon Guardian Golem    Hex/Summ       13%        N/A       36%         3
 Freeze                   Ice            12%        1d4       45%         1
 Sting                    Tmut/Pois      12%        1d3       45%         1
 Poisonous Vapours        Pois/Air       6%         N/A       58%         2
 Summon Lightning Spire   Summ/Air       13%        N/A       77%         4
 Frozen Ramparts          Ice            6%         1d2       83%         3
 Gell's Gravitas          Tloc           1%         N/A       83%         3
 Teleport Other           Tloc           3%         N/A       83%         3
 Hailstorm                Conj/Ice       3%         3d3       99%         4
 Olgreb's Toxic Radiance  Pois           3%         N/A       99%         4
 Conjure Ball Lightning   Conj/Air       1%         3x3d6     100%        6
 Dispersal                Tloc           1%         N/A       100%        6
 Discord                  Hex            1%         N/A       100%        8
 Disjunction              Tloc           1%         N/A       100%        8


Dungeon Overview and Level Annotations

Branches:
Dungeon (7/15)             Temple (1/1) D:5

Altars:
Ashenzari
Cheibriados
Dithmenos
Elyvilon
Fedhas
Gozag
Hepliaklqana
Makhleb
Nemelex Xobeh
Qazlal
Ru
Sif Muna
Trog
Uskayaw
Vehumet
Wu Jian
Xom
Yredelemnul
Zin

Shops:
D:3 *   D:6 *

Annotations:
D:4 Sigmund


Innate Abilities, Weirdness & Mutations

((You are quick and stealthy near water. (Stealth+, EV+, Speed+++)))
Your lower body shifts to a powerful aquatic tail in water.


Message History

Reach: a) +3 trident
Press: ? - help, Dir - move target, f/p - orc warrior
Aim: an orc warrior, wielding a +0 battleaxe and wearing a +0 chain mail (almost dead, ally target, about 35% to evade your +3 trident)
You hit the orc warrior.
The orc warrior is almost dead.
Your hound closely misses the orc warrior.
Your crimson imp misses the orc warrior.
The orc warrior hits you with a +0 battleaxe.
* * * LOW HITPOINT WARNING * * *
The orc warrior hits your hound with a +0 battleaxe!
Your hound dies!
Your hound's corpse disappears in a puff of smoke!
The orc warrior barely misses your crimson imp.
Reach: a) +3 trident
Press: ? - help, Dir - move target, f/p - orc warrior
Aim: an orc warrior, wielding a +0 battleaxe and wearing a +0 chain mail (almost dead, ally target, about 35% to evade your +3 trident)
You closely miss the orc warrior.
The orc warrior is almost dead.
Your crimson imp hits the orc warrior but does no damage.
Unknown command.
You hit the orc warrior but do no damage.
The orc warrior is almost dead.
The orc warrior closely misses you.
The orc warrior hits your crimson imp with a +0 battleaxe!
Your crimson imp dies!
You hit the orc warrior but do no damage.
The orc warrior is almost dead.
The orc warrior misses you.
Casting: Call Imp (safe; 4% risk of failure)
Confirm with . or Enter, or press ? or * to list all spells.
The orc warrior hits you with a +0 battleaxe!
* * * LOW HITPOINT WARNING * * *
Your hound barely misses the orc warrior. x2
Your hound closely misses the orc warrior.
Your hound closely misses the orc warrior.
Casting: Call Canine Familiar (dangerous; 9% risk of failure)
Confirm with . or Enter, or press ? or * to list all spells.
A beastly little devil appears in a puff of frigid air.
The orc warrior hits you with a +0 battleaxe!!
You die...

#..........###.....).#.)..#
#..............####.##.....#
##........#####
##.#####..... ............#
#..# ...$. .#...)......#
##.### #... #..........#
#....# ... ............###
#....# ..
##............####h...#
##........##...@o5...#
##......########....#
######## #....# ######


You could see an orc warrior (ally target), a friendly hound (summoned) and a
friendly white imp (summoned).

Vanquished Creatures
  A cyclops (D:6)
  A water moccasin (D:5)
  An ogre (D:4)
  A black bear (D:7)
  3 necrophages
  2 phantoms
  A lemure (D:3)
  A wyvern zombie (D:5)
  A water moccasin skeleton (D:5)
  4 killer bees (D:7)
  2 wights (D:6)
  A hound (D:6)
  A bullfrog zombie (D:6)
  Crazy Yiuf (D:5)
  A bullfrog skeleton (D:6)
  A centaur skeleton (D:4)
  Ijyb (D:3)
  2 orc wizards (D:4)
  A hound zombie (D:5)
  An adder (D:3)
  A white imp (D:4)
  A dart slug (D:1)
  4 orcs
  6 bats
  7 endoplasms
  5 giant cockroaches
  4 goblins
  5 hobgoblins
  5 jackals
  8 kobolds
  2 quokkas
  9 ball pythons
  3 frilled lizards
  A quokka skeleton (D:4)
  4 rats
93 creatures vanquished.

Vanquished Creatures (collateral kills)
  Pikel (D:3)
  A steam dragon (D:5)
  A water moccasin (D:5)
  An ice beast (D:4)
  A sky beast (D:4)
  2 centaurs (D:7)
  2 lemures (D:3)
  Blork the orc (D:6)
  A killer bee (D:7)
  A nameless horror (D:5)
  2 wights (D:6)
  2 jellies
  3 hounds
  A bullfrog zombie (D:5)
  A bullfrog skeleton (D:5)
  A centaur skeleton (D:5)
  An orc priest (D:7)
  A scorpion zombie (D:5)
  3 iguanas
  An orc wizard (D:5)
  4 gnolls (D:2)
  An adder (D:3)
  A white imp (D:5)
  An ufetubus (D:5)
  A worm (D:2)
  2 orcs
  2 ball pythons
  A giant cockroach (D:2)
  3 goblins (D:3)
  2 jackals
  2 bats
  2 kobolds
  A rat (D:1)
51 creatures vanquished.

Vanquished Creatures (others)
  A dart slug (D:5)
  4 fungi (D:5)
5 creatures vanquished.

Grand Total: 149 creatures vanquished

Notes
Turn   | Place    | Note
-------+----------+-------------------------------------------
     0 | D:1      | wakim the Merfolk Summoner began the quest for the Orb.
     0 | D:1      | Reached XP level 1. HP: 13/13 MP: 3/3
   333 | D:1      | Reached skill level 1 in Polearms
   334 | D:1      | Reached XP level 2. HP: 19/20 MP: 3/5
   603 | D:1      | Learned a level 2 spell: Call Imp
   631 | D:1      | Reached skill level 1 in Fighting
   924 | D:1      | Reached XP level 3. HP: 26/26 MP: 6/6
  1917 | D:2      | Reached XP level 4. HP: 24/32 MP: 0/7
  2213 | D:2      | Found a faded altar of an unknown god.
  2443 | D:3      | Found a blossoming altar of Fedhas.
  2501 | D:3      | Found Fytiv's General Store.
  2509 | D:3      | Bought a +0 trident for 45 gold pieces
  2518 | D:3      | Found a snail-covered altar of Cheibriados.
  2540 | D:3      | Noticed a phantom
  2578 | D:3      | Killed a phantom
  2579 | D:3      | Reached XP level 5. HP: 23/38 MP: 2/8
  2872 | D:3      | Noticed Ijyb
  3286 | D:4      | Noticed Pikel
  3287 | D:4      | Noticed a lemure
  3287 | D:4      | Noticed a lemure
  3288 | D:4      | Noticed a lemure
  3289 | D:4      | Noticed a lemure
  3359 | D:3      | Killed a lemure
  3363 | D:3      | Killed Ijyb
  4307 | D:3      | Killed a lemure
  4344 | D:3      | Killed a lemure
  4494 | D:3      | Killed Pikel
  4495 | D:3      | Reached skill level 5 in Polearms
  4495 | D:3      | Reached skill level 5 in Summonings
  4495 | D:3      | Reached XP level 6. HP: 19/46 MP: 5/9
  4495 | D:3      | Reached XP level 7. HP: 21/51 MP: 5/10
  4675 | D:3      | Learned a level 3 spell: Call Canine Familiar
  4782 | D:4      | Reached skill level 5 in Dodging
  5252 | D:4      | Noticed Sigmund
  5356 | D:5      | Entered Level 5 of the Dungeon
  5976 | D:5      | Reached XP level 8. HP: 50/60 MP: 11/11
  6734 | D:5      | Found a staircase to the Ecumenical Temple.
  6759 | Temple   | Entered the Ecumenical Temple
  7730 | D:5      | Found an ornate altar of the Wu Jian Council.
  7983 | D:5      | Found a runed translucent door.
  7984 | D:5      | Noticed Crazy Yiuf
  8002 | D:5      | Killed Crazy Yiuf
  8335 | D:6      | Noticed a cyclops
  8363 | D:6      | Killed a cyclops
  8371 | D:6      | Reached XP level 9. HP: 48/66 MP: 15/15
  8688 | D:6      | Found a bloodstained altar of Trog.
  8725 | D:6      | Found Zin's Purification Station.
  8733 | D:6      | Found a glowing silver altar of Zin.
  9074 | D:6      | Noticed Blork the orc
  9094 | D:6      | Killed Blork the orc
  9528 | D:7      | Reached skill level 5 in Fighting
 10083 | D:7      | Demolished by an orc warrior

Illustrated notes

Levels and vault maps discovered:
D:1:      nicolae_arrival_memento_mori, layout_basic, minmay_misc_feat_iff
D:2:      layout_rooms, ebering_ecumenical_altar_rust, dk_noncrumbling_3
D:3:      kennysheep_the_goblin_king, layout_loops_ring, amcnicky_altar_gilded,
          fedhas_altar_1, serial_shops, shop
D:4:      layout_loops_cross, uniq_pikel, uniq_sigmund
D:5:      layout_rooms, marbit_many_paths, minmay_temple_entry_large_hall,
          hex_large, chequers_avenue, minmay_increasing_density,
          uniq_crazy_yiuf_cottage, uniq_ijyb
D:6:      layout_loops_corners, mainiacjoe_overflow_boulevard, zin_purify,
          grunt_ministairs_15, uniq_blork_the_orc
D:7:      layout_rooms, minivault_23
Temple:   dpeg_chambers_temple

Skill      XL: |  1  2  3  4  5  6  7  8  9 |
---------------+----------------------------+-----
Dodging        | 3 4 6 8 9 |  9.1
Polearms       | 1 2 3 4 5 6 7 9 |  9.1
Fighting       | 1 2 4 5 |  5.4
Summonings     | 5 6 |  6.8
Spellcasting   | 4 |  4.0
Stealth        | |  2.1

Action                   |  1- 3 |  4- 6 |  7- 9 || total
-------------------------+-------+-------+-------++-------
Melee: Spear             |   158 |    19 |       ||   177
       Unarmed           |     4 |       |       ||     4
       Trident           |       |   128 |   320 ||   448
 Cast: Summon Small Mamm |     5 |     2 |       ||     7
       Call Imp          |     9 |    30 |    63 ||   102
       Call Canine Famil |       |       |    36 ||    36
  Use: Scroll            |       |     5 |     6 ||    11
 Stab: Sleeping          |     6 |     2 |       ||     8
       Distracted        |     1 |       |     4 ||     5
Armor: Robe              |     6 |       |       ||     6
       Ring mail         |    47 |    39 |   149 ||   235
Dodge: Dodged            |    88 |    66 |   205 ||   359
